cohdb
Replays
Latest Replays
All Replays
Popular Replays
Top Player Replays
Match Explorer
How It Works
Community
CoH3 Stats
Reddit
Sign in to upload your games and track your stats! →
Sign in with Steam
Match 42142007
Unlisted
Match 42142007
Overview
Messages
Build Orders
End
Construct Barracks
Selects Heavy Weapons
Riflemen Squad
Riflemen Squad
Riflemen Squad
M1 Mortar Team
Air Support Center
Selects Assault Carriers
Construct Medical Station
Construct Motor Pool
M1918 Browning Automatic Rifles
Grasshopper Recon Run
Selects Exchangeable Parts
M8 Greyhound Armored Car
Engineer Squad
Grenade Package
Double Sortie
P-47 Strafing Run
M1 Anti-tank Gun Team
Grasshopper Recon Run
P-47 Strafing Run
Air Supremacy
P-47 Strafing Run
Grasshopper Recon Run
P-47 Dive Bomb
M1 Anti-tank Gun Team
Grasshopper Recon Run
Improved Aircraft Armor
Grasshopper Recon Run
P-47 Strafing Run
P-47 Dive Bomb
Selects M26 Pershing Heavy Tank
M26 Pershing Heavy Tank
Grasshopper Recon Run
P-47 Dive Bomb
Engineer Squad
Construct Tank Depot
Selects M2HB .50cal Heavy Machine Gun
Selects Gallant Stand
Selects Black Dragon Artillery Barrage
P-47 Strafing Run
M18 Hellcat Tank Destroyer
.30 cal Machine Gun
Grasshopper Recon Run
P-47 Strafing Run
M26 Pershing Heavy Tank
Grasshopper Recon Run
P-47 Strafing Run
P-47 Strafing Run
P-47 Dive Bomb
M18 Hellcat Tank Destroyer
Grasshopper Recon Run
P-47 Dive Bomb
P-47 Strafing Run
P-47 Dive Bomb
M18 Hellcat Tank Destroyer
homig
kerem
BertsArmy
DeathMiz
Ciaphas Cain
[HK] Krom !
0
0
Comments
sign in to comment!
No comments posted yet!